AoeStats
← PomPom

Arabia

512209167Analyzed
1v1 RM · 2d ago on Oct 8, 2026· 43m 57s· 2 players
Game mode
Random Map
Map size
Tiny (2 player)
Population
200
Speed
Normal
Resources
Standard
Victory
Conquest
Starting age
Dark Age
Ending age
Imperial Age
RankedLock teamsTeams togetherTeam positionsShared explorationLock speedFull tech treeHidden civsTurbo modeCheats
Victory
Defeat
🇨🇳 Chinese · China
1739
+15
vs
🇻🇳 Tatars · Vietnam
1726
-15
PomPom
6:25 Loom
8:44 Feudal Age
9:34 Double-Bit Axe
16:46 Fletching
21:04 Castle Age
21:26 Padded Archer Armor
21:09 Elite Skirmisher
21:45 Bodkin Arrow
24:44 Leather Archer Armor
26:43 Wheelbarrow
27:58 Bow Saw
27:29 Horse Collar
29:39 Husbandry
30:48 Bloodlines
31:08 Ballistics
40:51 Imperial Age
39:37 Scale Barding Armor
40:30 Hand Cart
42:54 Light Cavalry
44:24 Chain Barding Armor
3458
0:38 Loom
9:27 Feudal Age
10:09 Double-Bit Axe
18:28 Castle Age
16:28 Fletching
17:33 Padded Archer Armor
18:22 Gold Mining
18:31 Crossbowman
19:07 Bodkin Arrow
20:33 Bow Saw
21:14 Horse Collar
22:10 Wheelbarrow
27:54 Hand Cart
29:59 Ballistics
34:53 Imperial Age
34:33 Leather Archer Armor
34:24 Scale Barding Armor
35:22 Thumb Ring
35:27 Elite Skirmisher
36:27 Bracer
38:05 Chemistry
37:33 Heavy Plow
38:32 Chain Barding Armor
38:23 Forging
38:11 Stone Mining
40:20 Ring Archer Armor
41:26 Plate Barding Armor
41:33 Iron Casting
42:08 Masonry
43:35 Blast Furnace
41:59 Light Cavalry
42:49 Bloodlines
42:39 Husbandry
42:30 Elite Chu Ko Nu
Connection lost

Rejoining the realm…

Still unreachable

The connection could not be restored.

Session expired

The server has moved on; the page needs a fresh start.